Unix NetHack Version 5.0.0-0 post-release - last build May  4 2026 22:22:43 (774f63e81ad911689b3a0859ea89b322d5daca8d,branch:main).

Game began 2026-05-07 20:51:41, ended 2026-05-07 21:01:21.

BeardyHaddock, lawful male dwarven Archeologist

                                              ---
                                              ...-
                                              --..---
                                               -#@f.|
                                                --#.|
                                                  |.#.
                                                  -...
                                                   #<.
                                                   ...

BeardyHaddock the Digger   St:8 Dx:9 Co:10 In:16 Wi:16 Ch:9  Lawful
Dlvl:5  $:27 HP:9(15) Pw:3(3) AC:8  Xp:1 T:1300  Satiated

Latest messages:
 You are caught in a bear trap.
 You are caught in a bear trap.
 You are caught in a bear trap.
 You are caught in a bear trap.
 You are caught in a bear trap.
 You are caught in a bear trap.
 Your leg feels better.
 Your movements are now unencumbered.
 You are caught in a bear trap.
 You are caught in a bear trap.
 The kitten bites the gnome.
 The gnome is killed!
 You are caught in a bear trap.
 You are caught in a bear trap.
 You are caught in a bear trap.
 You are caught in a bear trap.
 You are caught in a bear trap.
 You are caught in a bear trap.
 You are caught in a bear trap.
 You are caught in a bear trap.
 You are caught in a bear trap.
 You finally wriggle free.
 You descend the stairs.
 You start digging.
 You hit the rock with all your might.
 You make an opening in the wall.
 You start digging.
 You hit the rock with all your might.
 You make an opening in the wall.
 You start digging.
 You hit the rock with all your might.
 You make an opening in the wall.
 You start digging.
 You hit the rock with all your might.
 The kitten bites the homunculus.
 The homunculus bites the kitten.
 You make an opening in the wall.
 The homunculus bites!
 The kitten bites the homunculus.
 The homunculus is killed!
 You see here a homunculus corpse.
 There is a homunculus corpse here; eat it? [ynq] (n) y
 Ecch - that must have been poisonous!
 You finish eating the homunculus corpse.
 Really quit without saving? [yn] (n) y
 Do you want your possessions identified? [ynq] (y) n
 Do you want to see your attributes? [ynq] (y) n
 Do you want an account of creatures vanquished? [ynaq] (y) n
 Do you want to see your conduct and achievements? [ynq] (y) n
 Do you want to see the dungeon overview? [ynq] (y) n

Inventory:
 Coins    ('$')
  $ - 27 gold pieces
 Weapons  (')')
  a - a +2 bullwhip (alternate weapon; not wielded)
 Armor    ('[')
  c - an uncursed +0 fedora (being worn)
  p - an uncursed +0 pair of water walking boots (being worn)
  b - an uncursed +0 leather jacket (being worn)
 Comestibles  ('%')
  d - 7 uncursed food rations
  m - an uncursed fortune cookie
 Scrolls  ('?')
  n - an uncursed scroll of confuse monster
 Tools    ('(')
  h - an empty uncursed sack
  k - a can of grease (0:22)
  i - an uncursed leash (attached to your kitten)
  e - a +0 pick-axe (weapon in left hand)
  q - an uncursed tin opener
  f - a tinning kit (0:81)
  s - an uncursed wax candle
 Gems/Stones  ('*')
  g - an uncursed touchstone

BeardyHaddock the Archeologist's attributes:

Background:
 You were a Digger, a level 1 male dwarven Archeologist.
 You were lawful, nominally on a mission for Quetzalcoatl
 who was opposed by Camaxtli (neutral) and Huhetotl (chaotic).
 You were left-handed.
 You were in the Gnomish Mines, on level 5.
 You entered the dungeon 1300 turns ago.
 You had 18 experience points, 2 more were needed to attain level 2.

Basics:
 You had 9 out of 15 hit points.
 You had all 3 energy points (spell power).
 Your armor class was 8.
 Your wallet contained 27 zorkmids.
 Autopickup was off.

Final Characteristics:
 Your strength was 8 (peak:15, limit:18/100).
 Your dexterity was 9 (limit:20).
 Your constitution was 10 (peak:11, limit:20).
 Your intelligence was 16 (limit:16).
 Your wisdom was 16 (limit:16).
 Your charisma was 9 (limit:16).

Final Status:
 You were satiated.
 You were unencumbered.
 You were wielding a pick-axe.
 You had basic skill with pick-axe.

Final Attributes:
 You were devoutly aligned.
 You had automatic searching.
 You had infravision.
 You could walk on water.
 You were lucky.
 You survived.

Miscellaneous:
 You didn't encounter any bones levels.
 Total elapsed playing time was 9 minutes and 38 seconds.

Major events:
 Turn
    1: BeardyHaddock the lawful male dwarven Archeologist entered the dungeon
  748: entered the Gnomish Mines
 1300: quit

You didn't know any spells.

Skills:
 Fighting Skills
   bare handed combat [Unskilled]
   two weapon combat  [Unskilled]
   riding             [Unskilled]
 Weapon Skills
   dagger             [Unskilled]
   knife              [Unskilled]
   pick-axe           [Basic]
   short sword        [Unskilled]
   saber              [Unskilled]
   club               [Unskilled]
   quarterstaff       [Unskilled]
   sling              [Unskilled]
   dart               [Unskilled]
   boomerang          [Unskilled]
   whip               [Basic]
   unicorn horn       [Unskilled]
 Spellcasting Skills
   attack spells      [Unskilled]
   healing spells     [Unskilled]
   divination spells  [Unskilled]
   matter spells      [Unskilled]

Voluntary challenges:
 Character rerolling was not enabled.
 You were an atheist.
 You never genocided any monsters.
 You never polymorphed an object.
 You never changed form.
 You used no wishes.
Achievement:
 You entered the Gnomish Mines.

 The Dungeons of Doom: levels 1 to 3
    Level 1:
       A fountain.
    Level 2:
       Stairs down to The Gnomish Mines.
    Level 3:
 The Gnomish Mines: levels 3 to 5
    Level 3:
    Level 4:
    Level 5: <- You were here.


Vanquished creatures:
  a homunculus
  a hobbit
  6 gnomes
  2 geckos
  2 jackals
  a fox
  a goblin
  4 grid bugs
  3 lichens
  a kobold zombie
  3 newts
25 creatures vanquished.

No species were genocided or became extinct.

Goodbye BeardyHaddock the Archeologist...

You quit in The Gnomish Mines on dungeon level 5 with 299 points,
and 27 pieces of gold, after 1300 moves.
You were level 1 with a maximum of 15 hit points when you quit.

